[Event "Moscow-Open 2021_A"]
[Site "Moscow, Russia"]
[Date "2021.02.27"]
[Round "8.4"]
[White "Faizrakhmanov, Ramil"]
[Black "Nesterov, Arseniy"]
[Result "1/2-1/2"]
[ECO "D33"]
[WhiteElo "2476"]
[BlackElo "2476"]
[Annotator "zimin"]
[PlyCount "99"]
[EventDate "2021.??.??"]
[TimeControl "90+30"]
[WhiteClock "0:09:55"]
[BlackClock "0:08:26"]

1. d4 d5 2. c4 e6 3. Nf3 Nf6 4. Nc3 c5 5. cxd5 exd5 6. g3 Nc6 7. Bg2 cxd4 8. Nxd4 Bc5 9. Nb3 Bb6 10. O-O d4 11. Na4 O-O 12. Bg5 Re8 13. Nxb6 axb6 14. Re1 h6 15. Bxc6 bxc6 16. Bxf6 Qxf6 17. Qxd4 Qd8 18. Qc3 c5 19. Nc1 Bb7 20. f3 Ra4 21. Nd3 Ba6 22. Nf4 Qd4+ 23. Qxd4 Rxd4 24. e4 Rd2 25. b3 Red8 26. Rec1 R8d4 27. Nd5 Rb2 28. Rab1 Rxa2 29. Ra1 Rxa1 30. Rxa1 Be2 31. Kf2 Bd1 32. Ke3 Bxb3 33. Nxb6 Rd6 34. Ra8+ Kh7 35. Rb8 Be6 36. Na4 Rc6 37. Rb5 c4 38. Nc3 Ra6 39. f4 Rd6 40. Nd5 f5 41.
Rb6 Rxb6 42. Nxb6 fxe4 43. Kxe4 Kg6 44. Kd4 Kf5 45. Nxc4 Bxc4 46. Kxc4 Kg4 47. Kd4 Kh3 48. Ke4 Kxh2 49. Kf3 h5 50. Ke4 1/2-1/2

[Event "Moscow-Open 2021_A"]
[Site "Moscow, Russia"]
[Date "2021.02.27"]
[Round "8.5"]
[White "Makarian, Rudik"]
[Black "Gubajdullin, Alexei"]
[Result "1-0"]
[ECO "D15"]
[WhiteElo "2458"]
[BlackElo "2347"]
[Annotator "zimin"]
[PlyCount "65"]
[EventDate "2021.??.??"]
[TimeControl "90+30"]
[WhiteClock "0:40:08"]
[BlackClock "0:07:11"]

1. d4 Nf6 2. c4 c6 3. Nf3 d5 4. Nc3 a6 5. e3 b5 6. c5 Bg4 7. Qb3 Nbd7 8. a4 Bxf3 9. gxf3 e5 10. Na2 exd4 11. exd4 Be7 12. Nb4 Rc8 13. axb5 axb5 14. Bh3 O-O 15. O-O Nh5 16. Ra7 f5 17. Nxc6 Nxc5 18. Qxd5+ Qxd5 19. Nxe7+ Kh8 20. Nxd5 Nb3 21. Bg5 Nxd4 22. Be7 Rfe8 23. Rd1 Rc4 24. Ne3 Nxf3+ 25. Kg2 Nh4+ 26. Bxh4 Rxh4 27. Bxf5 Rb4 28. Rd2 Rf8 29. Rf7 Rb8 30. Bg4 Nf6 31. Bf3 Rf4 32. Nd5 Nxd5 33. Bxd5 1-0

[Event "Moscow-Open 2021_A"]
[Site "Moscow, Russia"]
[Date "2021.02.27"]
[Round "8.6"]
[White "Maltsevskaya, Aleksandra"]
[Black "Bocharov, Ivan"]
[Result "0-1"]
[ECO "E05"]
[WhiteElo "2327"]
[BlackElo "2568"]
[Annotator "zimin"]
[PlyCount "90"]
[EventDate "2021.??.??"]
[TimeControl "90+30"]
[WhiteClock "0:00:32"]
[BlackClock "0:20:46"]

1. d4 Nf6 2. Nf3 e6 3. c4 d5 4. g3 Be7 5. Bg2 O-O 6. O-O dxc4 7. Ne5 Nc6 8. Nxc6 bxc6 9. Nc3 Rb8 10. Qa4 Qxd4 11. Be3 Qe5 12.
Qxa7 Rxb2 13. Bd4 Qh5 14. Qxc7 c5 15. Bf3 Ng4 16. Bxg4 Qxg4 17. Nd5 exd5 18. Bxb2 Qxe2 19. Rfe1 Qxb2 20. Qxe7 Qa3 21. Rab1 g6 22. Rb5 Qxa2 23. Rxc5 Qd2 24. Re5 Qd1+ 25. Re1 Qd4 26. Qd6 Be6 27. h4 h5 28. Qe7 Qg4 29. Rc6 d4 30. Rd6 d3 31. Rexe6 fxe6 32. Rd8 Qf5 33. Rxf8+ Qxf8 34. Qxe6+ Qf7 35. Qd6 Kh7 36. Kf1 Qb7 37. Ke1 Qb1+ 38. Kd2 Qc2+ 39. Ke3 Qe2+ 40. Kd4 d2 41. Qc7+ Kh6 42. Qf4+ Kg7 43. Qc7+ Kf6 44. Qd6+ Kf7 45. Qd5+ Kg7 0-1

[Event "Moscow-Open 2021_A"]
[Site "Moscow, Russia"]
[Date "2021.02.28"]
[Round "9.1"]
[White "Afanasiev, Nikita"]
[Black "Rozum, Ivan"]
[Result "1/2-1/2"]
[ECO "B12"]
[WhiteElo "2519"]
[BlackElo "2546"]
[Annotator "zimin"]
[PlyCount "59"]
[EventDate "2021.??.??"]
[TimeControl "90+30"]
[WhiteClock "1:17:52"]
[BlackClock "1:40:03"]

1. e4 c6 2. d4 d5 3. e5 Bf5 4. Nf3 e6 5. Be2 c5 6. Be3 Qb6 7. Nc3 Nc6 8. O-O Qxb2 9. Qe1 cxd4 10. Bxd4 Nxd4 11. Nxd4 Bb4 12. Ndb5 Ba5 13. Rb1 Qxc2 14. Rc1 Qb2 15. Na4 Bxe1 16. Nxb2 Ba5 17. Nd6+ Ke7 18. Nxb7 Bd8 19. g4 Bg6 20. Rc6 h5 21. Nxd8 Rxd8 22. Rfc1 hxg4 23. Rc7+ Kf8 24. Rc8 Rxc8 25. Rxc8+ Ke7 26. Bb5 f6 27. Rc7+ Kf8 28. Rc8+ Ke7 29. Rc7+ Kf8 30. Rc8+ 1/2-1/2

[Event "Moscow-Open 2021_A"]
[Site "Moscow, Russia"]
[Date "2021.02.28"]
[Round "9.2"]
[White "Stupak, Kirill"]
[Black "Bocharov, Ivan"]
[Result "0-1"]
[ECO "D59"]
[WhiteElo "2492"]
[BlackElo "2568"]
[Annotator "zimin"]
[PlyCount "182"]
[EventDate "2021.??.??"]
[TimeControl "90+30"]
[WhiteClock "0:02:53"]
[BlackClock "0:20:05"]

1. d4 d5 2. c4 e6 3. Nf3 Nf6 4. Nc3 Be7 5. Bg5 h6 6. Bh4 O-O 7. e3 b6 8. cxd5 Nxd5 9. Bxe7 Qxe7 10. Rc1 Bb7 11. Be2 Rd8 12. Qc2 Nxc3 13. Qxc3 Nd7 14. O-O c5 15. Rfd1 a5 16. Qa3 Qf6 17. Qc3 Qe7 18. b3 Rac8 19. dxc5 Nxc5 20. Rxd8+ Rxd8 21. Rd1 Rc8 22. Qb2 Ne4 23. Rc1 Rc5 24. Rxc5 Qxc5 25. a3 Nc3 26. Bc4 Bxf3 27. gxf3 Nb5 28. Bxb5 Qg5+ 29. Kf1 Qxb5+ 30. Kg2 a4 31. b4 Qg5+ 32. Kf1 Qf5 33. Ke2 Qb5+ 34. Ke1 Qd3 35. b5 Qc4 36. f4 f6 37. Kd2 Kf7 38. Qb1 Ke7 39. Qd3 Qa2+ 40. Ke1 Qd5 41. Qc3 Qxb5 42. Qc7+ Kf8 43. Qd8+ Kf7 44. Qc7+ Kg6 45. Qd6 Qb3 46. Kd2 f5 47. Qe7 Qb2+ 48. Ke1 Qc1+ 49. Ke2 Qc6 50. h3 b5 51. Kd2 Qd5+ 52. Ke2 Qc4+ 53. Kd2 Qa2+ 54. Ke1 Qa1+ 55. Ke2 Qb2+ 56. Kd1 Qf6 57. Qb4 Qa1+ 58. Ke2 Qa2+ 59. Ke1 Qd5 60. Qe7 Qh1+ 61. Ke2 Qxh3 62. Qe8+ Kh7 63. Qxb5 Qg4+ 64. Kd2 Qf3 65. Qxa4 Qxf2+ 66. Kd3 Qf1+ 67. Kd2 Qg2+ 68. Ke1 Qd5 69. Kf2 Qd2+ 70. Kf3 g5 71. fxg5 hxg5 72. Qd4 Qa2 73. Qf6 Qd5+ 74. Ke2 g4 75. Qf7+ Kh6 76. Qf6+ Kh5 77. Qh8+ Kg5 78. Qg7+ Kh4 79. Qh6+ Kg3 80. Qf4+ Kh3 81. a4 g3 82. Qh6+ Kg2 83. Qf4 Qa2+ 84. Kd3 Qb1+ 85. Kc3 e5 86. Qh4 Qc1+ 87. Kd3 e4+ 88. Kd4 Qa1+ 89. Kd5 Qxa4 90. Ke5 Qb5+ 91. Kf6 Qf1 0-1

[Event "Moscow-Open 2021_A"]
[Site "Moscow, Russia"]
[Date "2021.02.28"]
[Round "9.3"]
[White "Lobanov, Sergei"]
[Black "Makarian, Rudik"]
[Result "1-0"]
[ECO "C41"]
[WhiteElo "2516"]
[BlackElo "2458"]
[Annotator "zimin"]
[PlyCount "71"]
[EventDate "2021.??.??"]
[TimeControl "90+30"]
[WhiteClock "0:01:25"]
[BlackClock "0:00:54"]

1. e4 d6 2.
d4 Nf6 3. Nc3 e5 4. Nf3 Nbd7 5. Bc4 Be7 6. O-O O-O 7. Re1 c6 8. a4 Re8 9. h3 h6 10. Be3 Qc7 11. Ba2 Nf8 12. Qd3 exd4 13. Nxd4 Ng6 14. a5 Bf8 15. Bd2 Re5 16. b4 Nh5 17. Nce2 Nf6 18. Nf4 Nxf4 19.
Bxf4 Re8 20. Re3 Be6 21. Nxe6 fxe6 22. e5 Nd5 23. exd6 Qf7 24. Be5 Rad8 25. Rg3 Nxb4 26. Qe2 Nxa2 27. Rxa2 Rd7 28. Ra4 Red8 29. Rag4 Qf5 30. Rf3 Qh7 31. Qc4 Re8 32. Rf6 g5 33. f4 Qg7 34. fxg5 hxg5 35. Rxe6 Qf7 36. Rxg5+ 1-0

[Event "Moscow-Open 2021_A"]
[Site "Moscow, Russia"]
[Date "2021.02.28"]
[Round "9.4"]
[White "Zarubitski, Viachaslau"]
[Black "Faizrakhmanov, Ramil"]
[Result "1-0"]
[ECO "B13"]
[WhiteElo "2446"]
[BlackElo "2476"]
[Annotator "zimin"]
[PlyCount "169"]
[EventDate "2021.??.??"]
[TimeControl "90+30"]
[WhiteClock "0:00:54"]
[BlackClock "0:00:48"]

1. e4 c6 2. d4 d5 3. exd5 cxd5 4. Bd3 Nc6 5. c3 Qc7 6. Ne2 Bg4 7. O-O e6 8. Qe1 Nf6 9. Bf4 Bd6 10. Bxd6 Qxd6 11. Ng3 O-O 12. f4 Ne7 13. Nd2 Rac8 14. Qe5 Qb6 15. Rab1 Rfe8 16. h3 Bf5 17. Qe2 g6 18. Nf3 Bxd3 19. Qxd3 Nf5 20. Ne5 Nxg3 21. Qxg3 Ne4 22. Qe3 f6 23. Nf3 Qd6 24. Nd2 f5 25. Nxe4 fxe4 26. Rf2 Re7 27. g4 Rf7 28. Rbf1 b5 29. f5 exf5 30. gxf5 Rcf8 31. Qg5 Rf6 32. h4 Kg7 33. h5 h6 34. Qg4 g5 35. Kg2 Qd7 36. Kg1 R8f7 37. a3 a5 38.
Qh3 Kf8 39. Kh1 Qd6 40. Kg2 Kg7 41. Qg3 Qd7 42. Qe5 Re7 43.
Qg3 Qe8 44. Qh3 Qc8 45. Qe3 Qc6 46. Kh3 Ref7 47. Kg4 Qd7 48.
Qg3 e3 49. Qxe3 Re7 50. Qg3 Qe8 51. Kh3 Qxh5+ 52. Kg2 Re4 53. Rh1 Qg4 54. Qxg4 Rxg4+ 55. Kf1 Re4 56. Kg2 Rf8 57. Kg3 Rfe8 58.
f6+ Kg6 59. f7 Re3+ 60. Kg2 Rf8 61. Rhf1 Kg7 62. Rf6 Re2+ 63. Kg3 Rxb2 64. Kg4 Rg2+ 65. Kh5 Rh2+ 66. Kg4 Rh4+ 67. Kg3 b4 68. axb4 axb4 69. cxb4 Rxd4 70. b5 Rb4 71. b6 d4 72. Rd6 h5 73. Rf5 Rb3+ 74. Kg2 g4 75. Rxh5 Kxf7 76. Rh7+ Ke8 77. Rc6 Rb2+ 78. Kg3 Rf3+ 79. Kxg4 Rc3 80. Re6+ Kf8 81. b7 Rcb3 82. Rc6 Rg2+ 83. Kf4 Rf2+ 84. Ke4 Kg8 85. Rd7 1-0

[Event "Moscow-Open 2021_A"]
[Site "Moscow, Russia"]
[Date "2021.02.28"]
[Round "9.5"]
[White "Nesterov, Arseniy"]
[Black "Kukhmazov, Arsen"]
[Result "1-0"]
[ECO "D24"]
[WhiteElo "2476"]
[BlackElo "2442"]
[Annotator "zimin"]
[PlyCount "57"]
[EventDate "2021.??.??"]
[TimeControl "90+30"]
[WhiteClock "0:40:39"]
[BlackClock "0:02:15"]

1. d4 Nf6 2. c4 e6 3. Nf3 d5 4. Nc3 dxc4 5. e4 b5 6. e5 Nd5 7. Nxb5 Nb6 8. Be2 Nc6 9. Be3 Be7 10.
a3 Na5 11. Qc2 Bb7 12. Rd1 Bc6 13. Nc3 Rb8 14. h4 Qd7 15. Rh3 Na4 16. d5 exd5 17. e6 fxe6 18. Ne5 Rxb2 19. Bh5+ Kd8 20. Qc1 Nb3 21. Nxa4 Nxc1 22. Nxb2 c3 23. Nbc4 Nb3 24. Nxd7 c2 25. Nce5 cxd1=Q+ 26. Bxd1 Na5 27. Nf7+ Kxd7 28. Nxh8 Ke8 29. Bc2 1-0

[Event "Moscow-Open 2021_A"]
[Site "Moscow, Russia"]
[Date "2021.02.28"]
[Round "9.6"]
[White "Korchmar, Vasiliy"]
[Black "Kardashevskiy, Evgeny"]
[Result "1-0"]
[ECO "D35"]
[WhiteElo "2451"]
[BlackElo "2427"]
[Annotator "zimin"]
[PlyCount "91"]
[EventDate "2021.??.??"]
[TimeControl "90+30"]
[WhiteClock "0:20:21"]
[BlackClock "0:01:00"]

1. d4 Nf6 2. c4 e6 3. Nc3 d5 4. cxd5 exd5 5. Bg5 Be7 6. e3 c6 7. Bd3 Nbd7 8. h3 Nf8 9. Bf4 Ne6 10. Be5 g6 11. Nf3 O-O 12. O-O Ng7 13. a3 Bf5 14. b4 Bxd3 15.
Qxd3 b5 16. Ne2 a5 17. Qc3 Ra6 18. Bxf6 Bxf6 19. Ne5 Qd6 20. Nf4 Be7 21. bxa5 f6 22. Ned3 Bd8 23. a4 Rxa5 24. axb5 Rxb5 25. Rfc1 g5 26. Ne2 Rb6 27. Qc5 Qb8 28. Qc2 Qd6 29. Ra7 Bc7 30. g3 Rfb8 31. Nc3 Rb3 32.
Nxd5 Bd8 33. Nc3 f5 34. Na4 f4 35. Nac5 Rxd3 36. Qxd3 fxg3 37. Qc4+ Kh8 38. Qf7 gxf2+ 39. Kg2 Bf6 40. Ne4 f1=Q+ 41. Rxf1 Rb2+ 42. Rf2 Rxf2+ 43. Nxf2 h5 44. Rd7 Qe6 45. Qxe6 Nxe6 46. Rd6 1-0